 Dungeon Crawl Stone Soup version 0.29.1-13-g9f3cf754e1 (webtiles) character file.

Game seed: 5535529467064632056

715 croobank the Covert (level 7, -12/49 HPs)
             Began as an Octopode Delver on Jan 19, 2023.
             Mangled by an ogre
             ... wielding a +0 giant club
              (29 damage)
             ... on level 5 of the Dungeon.
             The game lasted 00:10:58 (4235 turns).

croobank the Covert (Octopode Delver)               Turns: 4235, Time: 00:10:58

Health: -12/49     AC:  1    Str: 12    XL:     7   Next: 69%
Magic:  8/8        EV: 14    Int: 14    God:
Gold:   160        SH:  0    Dex: 13    Spells: 7/7 levels left

rFire   . . .      SeeInvis .   b - +2 arbalest (vorpal)
rCold   . . .      Faith    .   (shield currently unavailable)
rNeg    . . .      Spirit   .   (helmet restricted)
rPois   .          Reflect  .   (no amulet)
rElec   .          Harm     .   (no ring)
rCorr   .          Rampage  .   (no ring)
Will    .....                   (no ring)
Stlth   +++++.....              (no ring)
HPRegen 0.16/turn               (no ring)
MPRegen 0.11/turn               (no ring)
                                (no ring)
                                (no ring)

@: no status effects
A: almost no armour, amphibious, 8 rings, camouflage 1, gelatinous body 1,
(nimble swimmer 1), tentacles
a: no special abilities


You were on level 5 of the Dungeon.
You visited 1 branch of the dungeon, and saw 6 of its levels.
You also visited: Sewer.

You collected 160 gold pieces.

Inventory:

Hand Weapons
 a - the +8 spear "Nerosuot" {vorpal, rPois Str+3}
   (You found it on level 2 of the Dungeon)

   It inflicts extra damage upon your enemies.
   Str:       It affects your strength (+3).
   rPois:     It protects you from poison.
 b - a +2 vorpal arbalest (weapon)
 k - a +0 dagger
 u - a +0 hand axe
Missiles
 h - 18 poisoned darts
 v - 3 silver boomerangs
Jewellery
 y - a ring of magical power
Wands
 f - a wand of digging (3)
 D - a wand of polymorph (4)
Scrolls
 c - 2 scrolls of magic mapping
 d - 6 scrolls of fear
 g - 6 scrolls of teleportation {unknown}
 j - 4 scrolls of identify {unknown}
 l - 3 scrolls of fog
 p - a scroll of enchant weapon {unknown}
 q - a scroll of acquirement {unknown}
 t - 2 scrolls of vulnerability {unknown}
 x - a scroll of amnesia {unknown}
 z - a scroll of enchant armour {unknown}
 A - a scroll of blinking {unknown}
 B - a scroll of brand weapon {unknown}
 F - a scroll of poison {unknown}
Potions
 i - 2 potions of brilliance {unknown}
 m - 4 potions of curing {unknown}
 n - a potion of mutation {unknown}
 o - a potion of heal wounds {unknown}
 r - 2 potions of might {unknown}
 s - 2 potions of lignification {unknown}
 w - 2 potions of magic {unknown}
 C - a potion of degeneration {unknown}
 E - a potion of flight {unknown}


   Skills:
 + Level 4.7 Fighting
 - Level 2.0(2.7) Axes
 + Level 2.6(3.0) Polearms
 + Level 3.4 Ranged Weapons
 + Level 4.2 Dodging
 + Level 8.6 Stealth
 + Level 0.7 Spellcasting


You had 7 spell levels left.
You didn't know any spells.
Your spell library contained the following spells:

 Spells                   Type           Power      Damage    Failure   Level
 Shock                    Conj/Air       0%         1d3       26%         1
 Sting                    Tmut/Pois      0%         1d3       26%         1
 Poisonous Vapours        Pois/Air       0%         N/A       38%         2
 Swiftness                Air            0%         N/A       63%         3
 Airstrike                Air            0%         2d(0-16)  95%         4
 Corpse Rot               Necr/Pois/Air  0%         N/A       95%         4
 Olgreb's Toxic Radiance  Pois           0%         N/A       95%         4
 Blade Hands              Tmut           0%         N/A       100%        5
 Irradiate                Conj/Tmut      0%         3d11      100%        5
 Dragon Form              Tmut           0%         N/A       100%        7


Dungeon Overview and Level Annotations

Branches:
Dungeon (6/15)              Sewer (visited)
 Temple: D:4-7

Altars:
Dithmenos

Annotations:
D:3 Grinder


Innate Abilities, Weirdness & Mutations

You cannot wear most types of armour.
You are amphibious.
You can wear up to eight rings at the same time.
Your skin changes colour to match your surroundings (Stealth+).
Your rubbery body absorbs attacks. (AC +1, EV +1)
((You are camouflaged when in or above water. (Stealth+)))
You have tentacles for arms and can constrict up to eight enemies at once.


Message History

The ice beast is lightly wounded.
The ice beast closely misses you.
You hit the ice beast but do no damage.
The ice beast is lightly wounded.
The ice beast hits you. The ice beast freezes you!
You are too injured to fight recklessly!
You are too injured to fight recklessly!
You are too injured to fight recklessly!
Okay, then.
You puncture the ice beast!
The ice beast is heavily wounded.
The ice beast barely misses you.
You puncture the ice beast!
The ice beast is almost dead.
The ice beast hits you. The ice beast freezes you!
* * * LOW HITPOINT WARNING * * *
Unknown command.
Okay, then.
You feel yourself speed up. The ice beast barely misses you.
b - a +2 vorpal arbalest (weapon)
You are too injured to fight recklessly!
You are too injured to fight recklessly!
Fire: b) +2 arbalest (vorpal)
Press: ? - help, Q - select action, (/) - cycle Shift-Dir - straight line, f/p - ice beast
Aim: an ice beast (almost dead, 57% to hit)
You shoot a bolt. The bolt hits the ice beast!!
You kill the ice beast!
You start resting.
Magic restored.
You start resting.
Your extra speed is starting to run out.
You start resting.
You feel yourself slow down.
You start resting.
A water moccasin is nearby!
A water moccasin is nearby!
You are too injured to fight recklessly!
The ogre hits you with a +0 giant club!!
Ouch! That really hurt!
You die...

####.................#
#..............#.....#
#........####.##....#
#..........#...#....## #
####.......#.........##...
###....).................
#........................
###.#.#............#[....
#..###.O@........##.....
#... #..................
###...........<..........
#......................
###.....###............
#.....# ###..........
#...... ........#...
##..#.. .........#..#
###.#.###.# #


You could see an ogre.

Vanquished Creatures
  Sigmund (D:4)
  Edmund (D:4)
  An ice beast (D:5)
  A scorpion (D:4)
  A hound (D:4)
  Terence (D:3)
  An iguana (D:4)
  Robin (D:3)
  9 adders
  3 river rats (Sewer)
  2 worms
  A dart slug (D:4)
  An orc (D:3)
  5 endoplasms
  2 giant cockroaches
  13 goblins
  8 hobgoblins
  4 jackals (D:1)
  2 quokkas (D:1)
  12 ball pythons
  3 bats
  7 frilled lizards
  6 kobolds
  7 rats
93 creatures vanquished.

Notes
Turn   | Place    | Note
-------+----------+-------------------------------------------
     0 | D:5      | croobank the Octopode Delver began the quest for the Orb.
     0 | D:5      | Reached XP level 1. HP: 16/16 MP: 1/1
    73 | D:5      | Noticed an ogre
    73 | D:5      | Noticed a water moccasin
   252 | D:4      | Found a shadowy altar of Dithmenos.
   369 | D:3      | Found a glowing drain.
   372 | D:3      | Reached XP level 2. HP: 21/21 MP: 2/2
   397 | Sewer    | Entered a sewer
   515 | Sewer    | Reached skill level 1 in Ranged Weapons
   515 | Sewer    | Reached XP level 3. HP: 13/26 MP: 3/3
   686 | Sewer    | Reached skill level 7 in Stealth
   754 | Sewer    | Reached XP level 4. HP: 31/31 MP: 4/4
  1078 | D:3      | Noticed Grinder
  1297 | D:2      | Identified the +8 spear "Nerosuot" {vorpal, rPois Str+3}
  1484 | D:1      | Found a faded altar of an unknown god.
  1499 | D:1      | Reached XP level 5. HP: 37/37 MP: 5/5
  2588 | D:3      | Noticed Robin
  2710 | D:3      | Killed Robin
  2871 | D:3      | Noticed Terence
  2880 | D:3      | Killed Terence
  2881 | D:3      | Reached skill level 1 in Polearms
  3278 | D:4      | Reached XP level 6. HP: 34/43 MP: 6/6
  3405 | D:4      | Noticed Sigmund
  3409 | D:4      | Killed Sigmund
  3410 | D:4      | Reached skill level 8 in Stealth
  3410 | D:4      | Reached XP level 7. HP: 37/49 MP: 7/7
  3499 | D:4      | Noticed Edmund
  3536 | D:4      | Killed Edmund
  4235 | D:5      | Mangled by an ogre

Illustrated notes

Levels and vault maps discovered:
D:1:      dpeg_arrival_oval, layout_rooms,
          shapermc_ecumenical_altar_mp_vishouse, minmay_bisected
D:2:      layout_loops_ring
D:3:      layout_loops_ring, cheibrodos_sewer_entry_drain, uniq_grinder,
          uniq_robin, uniq_terence
D:4:      layout_basic, mainiacjoe_overflow_boulevard, sigmund_edmund_badplayer
D:5:      layout_cave_pools, kennysheep_okawaru_gauntlet,
          mainiacjoe_overflow_catwalk
D:6:      layout_loops_ring, nicolae_wu_jian_immortal_techniques,
          minmay_temple_entry_arrows

Skill      XL: |  1  2  3  4  5  6  7 |
---------------+----------------------+-----
Ranged Weapons | 1 2 3 |  3.4
Stealth        | 7 8 |  8.6
Dodging        | 3 4 |  4.2
Polearms       | 1 2 |  2.6
Fighting       | 4 |  4.7
Axes           | |  2.0
Spellcasting   | |  0.7

Action                   |  1- 3 |  4- 6 |  7- 9 || total
-------------------------+-------+-------+-------++-------
Melee: Hand axe          |    17 |     6 |       ||    23
       Tentacles         |     5 |     6 |     1 ||    12
       Constrict         |     2 |     6 |     1 ||     9
       Punch             |       |     1 |       ||     1
       Spear             |       |    22 |     7 ||    29
       Unarmed           |       |       |    32 ||    32
 Fire: Arbalest          |    17 |    92 |    12 ||   121
  Use: Scroll            |     1 |       |       ||     1
       Potion            |       |       |     2 ||     2
Armor: Skin              |     1 |     3 |     3 ||     7
Dodge: Dodged            |    12 |    34 |    19 ||    65
